Horse, lawful male human Knight ------- |.....| |.....| |.....| |.[...| ----.-- ## # # # # # -----------)--- |.............. .%` |.............| -- |.............-#########@u##### |.............| --------------- Horse the Esquire Experience level: 5 Strength: 14 Dexterity: 9 Constitution: 12 Intelligence: 9 Wisdom: 15 Charisma: 18 Health: 0(36) Energy: 31(31) Def: 10 Gold: 1884 Moves: 1699 Dungeon seed: y7NqfZ9Svm0YDynl Game ID: Horse_1457428238 Your Inventory: Coins $ - 1884 gold pieces Amulets p - a cursed amulet of restful sleep Weapons a - a thoroughly rusty +1 long sword (weapon in hand) Armor e - an uncursed +1 ring mail (being worn) n - an uncursed +0 helmet (being worn) q - an uncursed +0 small shield (being worn) r - an uncursed +0 pair of leather gloves (being worn) z - an uncursed +0 Hawaiian shirt (being worn) N - a blessed +1 pair of iron shoes (being worn) Comestibles c - 9 uncursed apples d - 12 uncursed carrots g - an uncursed pear G - an uncursed pancake S - 7 cursed food rations W - a cursed partly eaten food ration Z - an uncursed slime mold Scrolls l - an uncursed scroll of destroy armor o - an uncursed scroll of identify s - an uncursed scroll of enchant armor Q - 4 cursed scrolls of magic mapping Potions R - 2 cursed potions of extra healing Wands K - a wand of fire (0:3) L - a cursed wand of sleep (0:3) Tools b - a cursed sack h - an uncursed tin whistle t - 2 uncursed tallow candles (0:200) E - an uncursed magic whistle T - a cursed credit card U - a cursed expensive camera (0:31) V - a cursed tin opener Gems y - an uncursed opal named rare? D - an uncursed luckstone named luck? H - an uncursed worthless piece of violet glass Y - a cursed touchstone Spells and supernatural/magical abilities: Name Level Category Fail Memory W - pray for help -- divine ? -- X - turn undead -- divine ? -- Y - supernatural jump -- ability ? -- Your skills at the end: Fighting Skills riding [Basic] Weapon Skills long sword [Skilled] lance [Basic] Spellcasting Skills Final Attributes: You were piously aligned. You could jump. You were riding your pony. You were lucky. You had extra luck. Bad luck did not time out for you. Good luck did not time out for you. You are dead. Vanquished creatures: a small mimic a shrieker 2 gnome lords a dwarf an acid blob 2 coyotes 3 hobbits 16 gnomes a gnome zombie 2 geckos 2 jackals a fox a kobold 3 sewer rats 4 grid bugs 3 lichens a kobold zombie a newt 46 creatures vanquished. Voluntary challenges: You used a wielded weapon 70 times, starting on turn 20. You read items or engraved 1 time, starting on turn 1699. You never genocided any monsters. You never polymorphed an object. You never changed form. You used no wishes. You never split a pudding. You wrote Elbereth's name 1 time, starting on turn 1699. You violated your moral code, losing 1 point of alignment, starting on turn 1655. Dungeon overview: The Dungeons of Doom: levels 1 to 5 Level 1 a long staircase Level 2 Level 3 stairs to The Gnomish Mines Level 4 a potion shop Level 5 <- You were here The Gnomish Mines: levels 4 to 5 Level 4 stairs to The Dungeons of Doom Level 5 History has recorded: On T:1 you entered the Dungeons of Doom to retrieve the Amulet of Yendor! On T:211 you reached level 2 of The Dungeons of Doom. On T:349 you reached level 3 of The Dungeons of Doom. On T:358 you advanced to experience level 2. On T:909 you advanced to experience level 3. On T:1028 you advanced to experience level 4. On T:1179 you reached level 2 of The Gnomish Mines. On T:1204 you advanced to experience level 5. On T:1300 you reached level 4 of The Dungeons of Doom. On T:1622 you reached level 5 of The Dungeons of Doom. Score breakdown: Gold: 1884 (11141 points) Experience: 5 levels (11141 points) Exploration: 5 levels ( 10.20%) ( 8660 points) Discoveries: 3 items ( 1.22%) ( 3312 points) Valuables value: (no points given unless you survive) Artifact value: 0 ( 0 points) Variety of kills: 18 monsters ( 4.72%) ( 6520 points) Turncount: 1699 turns ( 0 points) Survival: died (score multiplied by 80%) Total score: 32619 Latest messages: You write in the dust with your fingers. The Woodland-elf swings his elven broadsword. The Woodland-elf hits! You die... The sack is empty. The sack is empty. Final status: Fare thee well Horse the Knight, killed by a Woodland-elf... You died in The Dungeons of Doom on dungeon level 5 with 32619 points, and 1884 pieces of gold, after 1699 moves. You were level 5 with a maximum of 36 hit points when you died.